 Dungeon Crawl Stone Soup version bcrawl-1.21.2-28-g2cb1824106 (webtiles) character file.

Game seed: 3202092138432083163

242 Lazarus1551 the Ruffian (level 6, -1/63 HPs)
             Began as an Ogre Martial Artist on Mar 13, 2020.
             Was a Believer of Wu Jian.
             Slain by a hound (6 damage)
             ... on level 4 of the Dungeon on Mar 14, 2020.
             The game lasted 00:06:23 (2942 turns).

Lazarus1551 the Ruffian (Ogre Martial Artist)       Turns: 2942, Time: 00:06:23

Health: -1/63      AC:  3    Str: 17    XL:     6   Next: 9%
Magic:  7/7        EV: 11    Int: 10    God:    Wu Jian [**....]
Gold:   183        SH:  0    Dex: 13    Spells: 6/7 levels left

rFire    . . .     SeeInvis .     - Unarmed
rCold    . . .     Gourm    .   (no shield)
rNeg     . . .     Faith    .   a - +0 robe
rPois    .         Spirit   .   (helmet restricted)
rElec    .         Reflect  .   (no cloak)
rCorr    .         Harm     .   (gloves unavailable)
MR       .....                  (boots unavailable)
Stlth    ++........             (no amulet)
HPRegen  0.20/turn              (no ring)
MPRegen  0.10/turn              (no ring)

@: lethally poisoned (-1 -> -8)
A: large, unfitting armour, tough skin 1
a: Wall Jump, Serpent's Lash, Renounce Religion


You were on level 4 of the Dungeon.
You worshipped Wu Jian.
Wu Jian was pleased with you.
You were not hungry.

You visited 1 branch of the dungeon, and saw 4 of its levels.

You collected 183 gold pieces.

Inventory:

Armour
 a - a +0 robe (worn)
Scrolls
 f - 3 scrolls of identify {unknown}
 g - a scroll of blinking {unknown}
 h - a scroll of amnesia {unknown}
 j - a scroll of fear {unknown}
 l - a scroll of remove curse {unknown}
 m - a scroll of teleportation {unknown}
Potions
 b - a potion of agility
 c - a potion of mutation {unknown}
 d - 3 potions of curing {unknown}
 i - a potion of heal wounds
 k - a potion of magic {unknown}
Comestibles
 e - 5 rations {!d}


   Skills:
 + Level 4.5 Fighting
 + Level 3.5 Dodging
 + Level 1.8 Stealth
 + Level 5.5 Unarmed Combat
 + Level 1.2 Spellcasting
 + Level 0.8 Hexes


You had 6 spell levels left.
You knew the following spells:

 Your Spells              Type           Power        Failure   Level  Hunger
a - Confusing Touch       Hex            #.......     24%         1    ##.....
Your spell library was empty.

Dungeon Overview and Level Annotations

Branches:
Dungeon (4/12)
 Temple: D:4-7

Altars:


Innate Abilities, Weirdness & Mutations

You are too large for most types of armour.
You have tough skin. (AC +1)


Message History

The adder bites you.
You spin and attack the hound.
You barely miss the hound.
The hound is moderately wounded.
You feel sick. The hound bites you.
* * * LOW HITPOINT WARNING * * *
The crimson imp blinks!
The hound bites you.
* * * LOW HITPOINT WARNING * * *
You spin and attack the adder.
You miss the adder.
The adder is lightly wounded.
The adder bites you.
* * * LOW HITPOINT WARNING * * *
The adder bites you.
* * * LOW HITPOINT WARNING * * *
You are lethally poisoned!
The adder poisons you! The crimson imp barely misses you.
You spin and attack the hound.
You hit the hound.
The hound is heavily wounded.
* * * LOW HITPOINT WARNING * * *
You feel sick. The hound bites you.
You die...

..#.######## #.# .##
..#.# #.# ..# ..#.# #.#
#.# ).#.# #.# #.# ..#.#
#.# #.# ..#.# #.# #.#
..#.##########.####.##+##
#.#...............5.....#
..#.###########.@.......#
##### #..hS.....## .
#....†......... #
#..........#### #
#..........# #..........#
#..........#
#........>..#
#..........##


You could see a hound, a crimson imp and an adder.

Vanquished Creatures
  A howler monkey (D:4)
  An orc priest (D:3)
  A centaur skeleton (D:4)
  An orc wizard (D:3)
  A hound zombie (D:3)
  4 adders
  2 oozes
  A worm (D:2)
  3 dart slugs
  A leopard gecko (D:1)
  7 orcs
  4 goblins
  3 hobgoblins
  4 kobolds (D:3)
  A quokka (D:3)
  3 ball pythons
  6 bats
  7 frilled lizards
  4 rats
55 creatures vanquished.

Notes
Turn   | Place    | Note
-------+----------+-------------------------------------------
     0 | D:1      | Lazarus1551 the Ogre Martial Artist began the quest for the
                  | Orb.
     0 | D:1      | Reached XP level 1. HP: 24/24 MP: 2/2
    97 | D:1      | Reached XP level 2. HP: 21/32 MP: 3/3
   208 | D:1      | Reached skill level 4 in Unarmed Combat
   701 | D:1      | Reached ** piety under Wu Jian
   812 | D:2      | Reached XP level 3. HP: 38/39 MP: 4/4
   888 | D:2      | Reached skill level 1 in Stealth
  1486 | D:3      | Reached XP level 4. HP: 14/48 MP: 5/5
  1773 | D:3      | HP: 1/49 [orc wizard/+0 dagger (2)]
  1776 | D:3      | Reached XP level 5. HP: 1/55 MP: 3/6
  2216 | D:3      | Reached skill level 5 in Unarmed Combat
  2894 | D:4      | Noticed a bullfrog
  2894 | D:4      | Noticed a phantom
  2939 | D:4      | Reached XP level 6. HP: 21/63 MP: 7/7
  2942 | D:4      | Slain by a hound

Skill      XL: |  1  2  3  4  5 |
---------------+----------------+-----
Unarmed Combat | 4 5 |  5.5
Dodging        | 3 |  3.5
Stealth        | 1 |  1.8
Fighting       | |  4.5
Spellcasting   | |  1.2
Hexes          | |  0.8

Action                   |  1- 3 |  4- 6 || total
-------------------------+-------+-------++-------
Melee: Unarmed           |   132 |    97 ||   229
       Punch             |     1 |     2 ||     3
Invok: Whirlwind         |    44 |    49 ||    93
       Lunge             |    10 |     7 ||    17
 Stab: Sleeping          |     4 |     3 ||     7
  Eat: Ration            |     1 |     1 ||     2
Armor: Robe              |    26 |    15 ||    41
Dodge: Dodged            |    75 |    37 ||   112
